 Dungeon Crawl Stone Soup version 0.23.2-33-g5129a83184 (webtiles) character file.

Game seed: 8859065559433917274

58 Ge0ff the Cutter (level 4, -9/42 HPs)
             Began as a Kobold Gladiator on July 3, 2019.
             Mangled by an ogre
             ... wielding a +0 giant club
              (13 damage)
             ... on level 2 of the Dungeon.
             The game lasted 00:03:09 (1464 turns).

Ge0ff the Cutter (Kobold Gladiator)                 Turns: 1464, Time: 00:03:10

Health: -9/42      AC: 22    Str: 12    XL:     4   Next: 21%
Magic:  4/4        EV:  3    Int:  9    God:
Gold:   31         SH:  0    Dex: 16    Spells: 3/3 levels left

rFire    + . .     SeeInvis .   a - +0 rapier
rCold    + . .     Gourm    .   (shield restricted)
rNeg     + + +     Faith    .   (armour currently unavailable)
rPois    +         Spirit   .   (helmet currently unavailable)
rElec    +         Reflect  .   (cloak currently unavailable)
rCorr    +         Harm     .   (gloves currently unavailable)
MR       .....     NoTele   +   (boots currently unavailable)
Stlth    +.........             (no amulet)
HPRegen  0.14/turn              (no ring)
MPRegen  0.09/turn              (no ring)

@: tree-form, resistant
A: small, carnivore
a: no special abilities


You were on level 2 of the Dungeon.
You were completely stuffed.
You were a tree.
You visited 1 branch of the dungeon, and saw 2 of its levels.

You collected 31 gold pieces.

Inventory:

Hand Weapons
 a - a +0 rapier (weapon)
Missiles
 d - 3 throwing nets {!f}
 u - 14 arrows
 v - 82 stones (quivered)
 w - 14 bolts
Armour
 c - a +0 helmet (melded)
 y - a +0 ring mail (melded)
Scrolls
 s - 3 scrolls of identify {unknown}
 z - a scroll of teleportation {unknown}
Comestibles
 r - 5 rations
 B - 3 chunks of flesh


   Skills:
 + Level 3.0 Fighting
 + Level 4.7 Short Blades
 + Level 2.9 Throwing
 + Level 0.6 Armour
 - Level 4.0 Dodging


You had 3 spell levels left.
You didn't know any spells.
Your spell library was empty.

Dungeon Overview and Level Annotations

Branches:
Dungeon (2/15)

Altars:

Annotations:
D:1 fly (pt+scr)


Innate Abilities, Weirdness & Mutations

You are small and have problems with some larger weapons.
You are carnivorous and can eat meat at any time.


Message History

The ogre is moderately wounded.
The ogre hits you but does no damage.
You hit the ogre.
The ogre is moderately wounded.
You hit the ogre but do no damage.
The ogre is moderately wounded.
The ogre hits you but does no damage.
You hit the ogre but do no damage.
The ogre is moderately wounded.
The ogre hits you with a +0 giant club.
You hit the ogre.
The ogre is moderately wounded.
The ogre hits you with a +0 giant club!
* * * LOW HITPOINT WARNING * * *
You hit the ogre.
The ogre is moderately wounded.
It was a potion of resistance.
You feel protected. The ogre hits you with a +0 giant club!
You die...

#.######### ###.
#.........# #...
#.#######.#####.#.
#.#######.#...#.#.
#.#.......#.#.#'#.
#.#...............
#.#...............
#.#######.........
#♣# .....#+#.....
#O# .......#.....
.S# ......##....#.
...#
............#.
....#
#####.......#.
#..)..
.............
#....#
#####.....#.#.
......
..............
....#.....##.


You could see an ogre and a ball python.

Vanquished Creatures
  2 adders (D:2)
  A worm (D:2)
  2 dart slugs (D:1)
  3 leopard geckos
  3 giant cockroaches
  A goblin (D:1)
  A hobgoblin (D:1)
  3 jackals (D:1)
  2 bats
  5 frilled lizards
  5 kobolds
  4 rats (D:2)
32 creatures vanquished.

Notes
Turn   | Place    | Note
-------+----------+-------------------------------------------
     0 | D:1      | Ge0ff the Kobold Gladiator began the quest for the Orb.
     0 | D:1      | Reached XP level 1. HP: 12/12 MP: 1/1
   132 | D:1      | Reached XP level 2. HP: 18/18 MP: 2/2
   455 | D:1      | Reached XP level 3. HP: 19/22 MP: 3/3
  1250 | D:2      | Reached XP level 4. HP: 20/28 MP: 4/4
  1454 | D:2      | Noticed an ogre
  1464 | D:2      | Mangled by an ogre

Skill      XL: |  1  2  3 |
---------------+----------+-----
Dodging        | 4 |  4.0
Fighting       | 3 |  3.0
Short Blades   | |  4.7
Throwing       | |  2.9
Armour         | |  0.6

Action                   |  1- 3 |  4- 6 || total
-------------------------+-------+-------++-------
Melee: Rapier            |    80 |    18 ||    98
Throw: Stone             |    50 |     1 ||    51
  Use: Potion            |       |     2 ||     2
 Stab: Sleeping          |     1 |       ||     1
  Eat: Chunk             |     9 |     1 ||    10
Armor: Leather armour    |     8 |       ||     8
       Ring mail         |     7 |     3 ||    10
       Skin              |       |     2 ||     2
Dodge: Dodged            |    53 |     6 ||    59

Levels and vault maps discovered:
D:1:      lemuel_arrival_lava_pool, layout_loops_cross
D:2:      layout_basic, fedhas_altar_1
